General information
- name: BNet
- type: Ladder team game (AT/RT)
- host: Battle.net
- saver: 1st_Panzer_Div.
map: Monsoon
- players: 6
- length: 24:17
- speed: Fast
- version: 1.24 W3XP
- replay type: Public
» download(155 KB)
Players
team 1 (winner)
1st_Panzer_Div. (
red | 87 APM | 2123 actions | 24:17)
6 Death Knight
3 Death Coil
1 Unholy Aura
1 Death Pact
1 Animate Dead
6 Lich
3 Frost Nova
1 Dark Ritual
1 Frost Armor
1 Death and Decay
1 Dreadlord
1 Carrion Swarm
» actions
| Assign group hotkey | 83 | |
| Basic commands | 266 | |
| Build / train | 66 | |
| ESC pressed | 4 | |
| Enter build submenu | 25 | |
| Enter hero's abilities submenu | 13 | |
| Give item / drop item | 3 | |
| Right click | 428 | |
| Select / deselect | 432 | |
| Select group hotkey | 657 | |
| Use ability | 146 | |
2123 total
» units
| Acolyte | 12 | |
| Meatwagon | 5 | |
| Necromancer | 9 | |
| Obsidian Statue | 1 | |
| Banshee | 1 | |
| Abomination | 1 | |
29 total
» upgrades
| Unholy Strength | 1 | |
| Necromancer Training | 2 | |
| Skeletal Longevity | 1 | |
| Unholy Armor | 1 | |
| Exhume Corpses | 1 | |
| Skeletal Mastery | 1 | |
| Disease Cloud | 1 | |
8 total
» buildings
| Altar of Darkness | 1 | |
| Ziggurat | 7 | |
| Graveyard | 1 | |
| Halls of the Dead | 1 | |
| Tomb of Relics | 1 | |
| Nerubian Tower | 1 | |
| Slaughterhouse | 2 | |
| Temple of the Damned | 2 | |
| Black Citadel | 1 | |
| Sacrificial Pit | 1 | |
| Boneyard | 1 | |
| Necropolis | 1 | |
20 total
» build order
00:12 Altar of Darkness
00:13 Ziggurat
00:43 Graveyard
01:12 Halls of the Dead
01:23 Tomb of Relics
02:00 Nerubian Tower
02:03 Ziggurat
03:59 Slaughterhouse
04:01 Slaughterhouse
04:02 Temple of the Damned
04:03 Temple of the Damned
04:05 Ziggurat
04:08 Ziggurat
04:12 Ziggurat
04:14 Ziggurat
05:10 Ziggurat
05:53 Black Citadel
09:41 Sacrificial Pit
11:04 Boneyard
17:59 Necropolis
» items
| Rod of Necromancy | 1 | |
| Lesser Clarity Potion | 1 | |
| Boots of Speed | 1 | |
| Orb of Corruption | 2 | |
| Scroll of Town Portal | 2 | |
7 total
first_time (
purple | 63 APM | 1517 actions | 24:16)
4 Keeper of the Grove
2 Entangling Roots
2 Thorns Aura
3 Priestess of the Moon
2 Trueshot Aura
1 Scout
» actions
| Basic commands | 27 | |
| Build / train | 62 | |
| Enter build submenu | 20 | |
| Enter hero's abilities submenu | 7 | |
| Right click | 1033 | |
| Select / deselect | 309 | |
| Use ability | 59 | |
1517 total
» units
| Wisp | 24 | |
| Faerie Dragon | 1 | |
| Chimaera | 8 | |
| Hippogryph | 6 | |
39 total
» upgrades
| Strength of the Wild | 3 | |
| Reinforced Hides | 1 | |
| Corrosive Breath | 1 | |
5 total
» buildings
| Altar of Elders | 1 | |
| Moon Well | 8 | |
| Ancient of Wonders | 1 | |
| Tree of Ages | 2 | |
| Hunter's Hall | 1 | |
| Ancient of Wind | 3 | |
| Tree of Eternity | 1 | |
| Tree of Life | 1 | |
| Chimaera Roost | 3 | |
21 total
» build order
00:20 Altar of Elders
00:37 Moon Well
01:57 Moon Well
03:09 Ancient of Wonders
05:25 Tree of Ages
07:00 Hunter's Hall
12:03 Ancient of Wind
12:24 Moon Well
13:12 Tree of Eternity
15:19 Ancient of Wind
16:11 Tree of Life
16:37 Chimaera Roost
16:39 Chimaera Roost
16:43 Chimaera Roost
17:22 Moon Well
18:28 Moon Well
18:54 Moon Well
19:41 Ancient of Wind
21:50 Moon Well
22:26 Moon Well
» items
| Lesser Clarity Potion | 3 | |
| Orb of Venom | 1 | |
4 total
Intrigue (
teal | 57 APM | 1394 actions | 24:16)
3 Blademaster
2 Wind Walk
1 Critical Strike
5 Shadow Hunter
3 Healing Wave
2 Hex
» actions
| Assign group hotkey | 63 | |
| Build / train | 66 | |
| ESC pressed | 3 | |
| Enter build submenu | 17 | |
| Enter hero's abilities submenu | 8 | |
| Give item / drop item | 3 | |
| Remove unit from queue | 1 | |
| Right click | 631 | |
| Select / deselect | 184 | |
| Select group hotkey | 369 | |
| Use ability | 49 | |
1394 total
» units
| Peon | 12 | |
| Grunt | 17 | |
| Demolisher | 1 | |
| Tauren | 12 | |
42 total
» upgrades
» buildings
| Altar of Storms | 1 | |
| Orc Burrow | 6 | |
| Barracks | 1 | |
| Stronghold | 1 | |
| War Mill | 2 | |
| Voodoo Lounge | 1 | |
| Fortress | 1 | |
| Great Hall | 2 | |
| Tauren Totem | 1 | |
| Spirit Lodge | 2 | |
18 total
» build order
00:14 Altar of Storms
00:33 Orc Burrow
01:08 Barracks
02:11 Orc Burrow
02:34 Orc Burrow
04:38 Stronghold
04:43 War Mill
05:15 Orc Burrow
05:31 Voodoo Lounge
10:52 Fortress
11:49 Orc Burrow
12:36 Orc Burrow
12:58 War Mill
13:07 Great Hall
13:28 Tauren Totem
15:37 Great Hall
22:46 Spirit Lodge
22:50 Spirit Lodge
» items
| Scroll of Town Portal | 3 | |
| Healing Salve | 1 | |
| Potion of Healing | 1 | |
| Orb of Lightning | 1 | |
| Potion of Lesser Invulnerability | 1 | |
7 total
team 2 (loser)
FUBaR-XCo (
blue | 58 APM | 1395 actions | 24:15)
6 Death Knight
3 Death Coil
2 Unholy Aura
1 Animate Dead
3 Lich
2 Frost Nova
1 Frost Armor
» actions
| Basic commands | 59 | |
| Build / train | 73 | |
| Enter build submenu | 18 | |
| Enter hero's abilities submenu | 9 | |
| Give item / drop item | 3 | |
| Remove unit from queue | 1 | |
| Right click | 780 | |
| Select / deselect | 365 | |
| Use ability | 87 | |
1395 total
» units
| Acolyte | 9 | |
| Ghoul | 3 | |
| Crypt Fiend | 23 | |
| Obsidian Statue | 3 | |
38 total
» upgrades
| Creature Attack | 1 | |
| Destroyer Form | 1 | |
2 total
» buildings
| Graveyard | 1 | |
| Crypt | 1 | |
| Altar of Darkness | 1 | |
| Ziggurat | 5 | |
| Tomb of Relics | 1 | |
| Halls of the Dead | 3 | |
| Nerubian Tower | 1 | |
| Black Citadel | 2 | |
| Spirit Tower | 2 | |
| Necropolis | 1 | |
| Slaughterhouse | 2 | |
20 total
» build order
00:14 Graveyard
00:16 Crypt
00:20 Altar of Darkness
00:24 Ziggurat
00:31 Tomb of Relics
00:57 Ziggurat
03:48 Halls of the Dead
04:21 Nerubian Tower
04:26 Ziggurat
06:03 Ziggurat
07:32 Black Citadel
09:47 Spirit Tower
09:51 Spirit Tower
11:36 Necropolis
12:39 Ziggurat
13:28 Halls of the Dead
16:28 Black Citadel
17:59 Slaughterhouse
21:55 Slaughterhouse
» items
| Rod of Necromancy | 2 | |
| Scroll of Town Portal | 3 | |
| Potion of Mana | 3 | |
| Potion of Healing | 4 | |
12 total
Nostradamus (
green | 70 APM | 1692 actions | 24:10)
5 Paladin
1 Holy Light
1 Divine Shield
3 Devotion Aura
4 Blood Mage
2 Siphon Mana
2 Flame Strike
» actions
| Assign group hotkey | 207 | |
| Basic commands | 115 | |
| Build / train | 87 | |
| Enter build submenu | 23 | |
| Enter hero's abilities submenu | 9 | |
| Give item / drop item | 2 | |
| Right click | 246 | |
| Select / deselect | 329 | |
| Select group hotkey | 545 | |
| Use ability | 129 | |
1692 total
» units
| Peasant | 11 | |
| Rifleman | 7 | |
| Dragonhawk Rider | 4 | |
| Gryphon Rider | 6 | |
| Knight | 4 | |
| Huntress | 6 | |
| Dryad | 3 | |
| Faerie Dragon | 1 | |
42 total
» upgrades
| Gunpowder | 3 | |
| Armor | 1 | |
| Storm Hammers | 1 | |
| Animal War Training | 1 | |
6 total
» buildings
| Altar of Kings | 1 | |
| Farm | 11 | |
| Barracks | 1 | |
| Blacksmith | 1 | |
| Scout Tower | 1 | |
| Arcane Tower | 1 | |
| Lumber Mill | 1 | |
| Arcane Vault | 2 | |
| Keep | 1 | |
| Gryphon Aviary | 1 | |
| Castle | 1 | |
| Moon Well | 1 | |
23 total
» build order
01:05 Altar of Kings
01:10 Farm
01:37 Barracks
01:44 Blacksmith
02:04 Farm
02:08 Scout Tower
02:36 Arcane Tower
02:38 Farm
03:50 Lumber Mill
04:01 Farm
04:50 Arcane Vault
05:46 Arcane Vault
06:11 Keep
06:22 Farm
07:05 Farm
08:56 Gryphon Aviary
11:30 Castle
14:15 Farm
14:20 Farm
14:40 Farm
14:41 Farm
14:43 Farm
23:34 Moon Well
» items
| Scroll of Regeneration | 6 | |
| Lesser Clarity Potion | 5 | |
| Scroll of Town Portal | 3 | |
| Potion of Lesser Invulnerability | 3 | |
| Dust of Appearance | 2 | |
| Potion of Healing | 2 | |
| Potion of Mana | 1 | |
| Rod of Necromancy | 1 | |
23 total

»
rakanishu4ti (
yellow | 55 APM | 1180 actions | 21:30)
5 Demon Hunter
3 Mana Burn
2 Evasion
1 Priestess of the Moon
1 Searing Arrows
» actions
| Assign group hotkey | 52 | |
| Basic commands | 142 | |
| Build / train | 78 | |
| ESC pressed | 4 | |
| Enter build submenu | 22 | |
| Enter hero's abilities submenu | 6 | |
| Right click | 409 | |
| Select / deselect | 281 | |
| Select group hotkey | 98 | |
| Use ability | 88 | |
1180 total
» units
| Wisp | 20 | |
| Archer | 3 | |
| Huntress | 7 | |
| Glaive Thrower | 9 | |
| Dryad | 10 | |
| Druid of the Talon | 3 | |
| Faerie Dragon | 7 | |
59 total
» upgrades
| Moon Armor | 1 | |
| Vorpal Blades | 1 | |
| Abolish Magic | 1 | |
3 total
» buildings
| Altar of Elders | 1 | |
| Moon Well | 5 | |
| Ancient of War | 2 | |
| Hunter's Hall | 1 | |
| Ancient Protector | 1 | |
| Tree of Ages | 1 | |
| Ancient of Lore | 1 | |
| Tree of Life | 1 | |
| Ancient of Wind | 1 | |
| Ancient of Wonders | 1 | |
15 total
» build order
00:07 Altar of Elders
00:18 Moon Well
01:21 Ancient of War
01:46 Moon Well
01:59 Hunter's Hall
02:23 Ancient of War
02:52 Moon Well
03:16 Ancient Protector
04:12 Moon Well
05:40 Tree of Ages
06:46 Moon Well
09:51 Ancient of Lore
12:15 Tree of Life
15:38 Ancient of Wind
16:16 Ancient of Wonders
» items
| Scroll of Town Portal | 5 | |
| Rod of Necromancy | 1 | |
| Potion of Healing | 1 | |
7 total
Chat log
(00:22 / Allies) 1st_Panzer_Div.: pure feed no hunts
(00:27 / Allies) first_time: k
(00:33 / Allies) 1st_Panzer_Div.: get a fair bit of wood
(00:48 / Allies) 1st_Panzer_Div.: cause I ain't gonna get crypts
(00:53 / Allies) 1st_Panzer_Div.: 50 more
(00:57 / Allies) 1st_Panzer_Div.: than go 2 moon well feed
(01:03 / Allies) 1st_Panzer_Div.: okay 25 more wood
(01:09 / Allies) 1st_Panzer_Div.: 5
(01:12 / Allies) 1st_Panzer_Div.: k
(01:36 / Allies) 1st_Panzer_Div.: yeah definately get a 2nd moon well
(01:50 / Allies) 1st_Panzer_Div.: and get massive amounts of wood
(01:58 / Allies) 1st_Panzer_Div.: harass him
(02:18 / Allies) first_time: shit my heros super late
(02:19 / Allies) 1st_Panzer_Div.: sell your tp too probably
(02:20 / Allies) 1st_Panzer_Div.: lol
(02:32 / Allies) 1st_Panzer_Div.: just make sure
(02:35 / Allies) 1st_Panzer_Div.: don't stop making wisps
(02:37 / Allies) 1st_Panzer_Div.: I need wood way mroe
(02:41 / Allies) 1st_Panzer_Div.: intrigue
(02:45 / Allies) 1st_Panzer_Div.: get a few extra worekrs too
(02:48 / Allies) 1st_Panzer_Div.: to feed me a little wood
(03:10 / Allies) 1st_Panzer_Div.: paly?
(03:24 / Allies) 1st_Panzer_Div.: wow
(03:29 / Allies) first_time: purge lol
(03:40 / Allies) 1st_Panzer_Div.: \w/e we got him
(04:08 / Allies) 1st_Panzer_Div.: good
(04:21 / Allies) first_time: shop has mana
(04:33 / Allies) 1st_Panzer_Div.: this was such a shitty harass
(04:43 / Allies) first_time: \his dh?
(04:44 / Allies) 1st_Panzer_Div.: k no more wisps prolly
(04:46 / Allies) 1st_Panzer_Div.: no our harass
(05:02 / Allies) 1st_Panzer_Div.: we ah ahrassing
(05:11 / Allies) Intrigue: i have myunits
(05:23 / Allies) 1st_Panzer_Div.: don't lose shit
(05:26 / Allies) 1st_Panzer_Div.: we can help you micro
(05:52 / Allies) 1st_Panzer_Div.: gold
(06:01 / Allies) 1st_Panzer_Div.: ww in and get hero
(06:12 / Allies) 1st_Panzer_Div.: nvm fight blue
(06:52 / Allies) 1st_Panzer_Div.: noi
(06:55 / All) 1st_Panzer_Div.: rally
(07:03 / Allies) Intrigue: they have no tps
(07:08 / Allies) 1st_Panzer_Div.: COME
(07:37 / Allies) 1st_Panzer_Div.: you dropped b.net
(07:41 / Allies) first_time: keep feeding u?
(07:48 / Allies) 1st_Panzer_Div.: ehhhhhh sure wryms
(08:12 / Allies) 1st_Panzer_Div.: yeah
(08:24 / Allies) Intrigue: greaveyar
(09:38 / Allies) 1st_Panzer_Div.: build int
(09:47 / Allies) first_time: frenzy
(10:42 / Allies) 1st_Panzer_Div.: tauren
(11:09 / Allies) 1st_Panzer_Div.: xpo
(11:19 / Allies) 1st_Panzer_Div.: tp
(11:45 / Allies) 1st_Panzer_Div.: hmm
(11:48 / Allies) first_time: im tier 3
(11:54 / Allies) 1st_Panzer_Div.: go chimeras then
(12:00 / Allies) 1st_Panzer_Div.: I'll feed you
(12:16 / Allies) first_time: k making wind building first
(12:45 / Allies) Intrigue: again?
(12:54 / Allies) first_time: proly should have made it earlier i was t3 b4 we fought that fight
(13:09 / Allies) 1st_Panzer_Div.: tauren?
(13:18 / Allies) Intrigue: teching
(13:32 / Allies) first_time: ah wtf the tech got all fuckd
(13:38 / Allies) 1st_Panzer_Div.: yoyr hero
(13:42 / Allies) 1st_Panzer_Div.: care
(13:47 / Allies) 1st_Panzer_Div.: get siege yeah nice
(13:58 / Allies) 1st_Panzer_Div.: b dude
(13:59 / Allies) 1st_Panzer_Div.: tp
(14:11 / Allies) Intrigue: no help purp?
(14:20 / Allies) first_time: dont have units
(14:26 / Allies) first_time: but i was there entangle
(14:29 / Allies) 1st_Panzer_Div.: can you wait o rno?
(14:37 / Allies) first_time: yea they here
(15:02 / All) Intrigue: Tpo
(15:04 / Allies) 1st_Panzer_Div.: okay
(15:50 / Allies) first_time: yea i can expo here
(16:45 / Allies) 1st_Panzer_Div.: triple roost
(16:48 / Allies) first_time: yup
(17:07 / Allies) 1st_Panzer_Div.: hmm okay
(18:38 / Allies) Intrigue: omw
(18:51 / Allies) 1st_Panzer_Div.: air
(18:54 / Allies) Intrigue: web?
(18:58 / Allies) 1st_Panzer_Div.: fiends?
(19:48 / Allies) first_time: b?
(19:50 / Allies) 1st_Panzer_Div.: no
(20:45 / Allies) 1st_Panzer_Div.: get aa?
(21:09 / Allies) 1st_Panzer_Div.: wow no aa
(21:28 / Allies) first_time: got a few hippo
(21:34 / Allies) Intrigue: they mass ff on my bm
(21:52 / Allies) 1st_Panzer_Div.: so if hu a=had just gone priets
(21:54 / Allies) 1st_Panzer_Div.: this woulda been so bad
(21:58 / Allies) first_time: yea
(22:00 / Allies) Intrigue: lol
(22:02 / Allies) Intrigue: he didn't have shit
(22:24 / Allies) 1st_Panzer_Div.: I'm 6/6
(22:28 / Allies) Intrigue: breath
(22:34 / Allies) Intrigue: there you go
(22:47 / Allies) 1st_Panzer_Div.: good I was sufficatin
(23:38 / Allies) 1st_Panzer_Div.: tier 3